 Dungeon Crawl Stone Soup version 0.20-a0-274-g7b51309 (webtiles) character file.

4786 AlphabetPasta the Carver (level 10, -1/68 HPs)
             Began as an Octopode Fighter on Dec 13, 2016.
             Was a Believer of Okawaru.
             Slain by a bullfrog (7 damage)
             ... on level 9 of the Dungeon.
             The game lasted 00:47:48 (9792 turns).

AlphabetPasta the Carver (Octopode Fighter)         Turns: 9792, Time: 00:47:51

Health: -1/68      AC:  1    Str: 15    XL:     10   Next: 47%
Magic:  10/12      EV: 21    Int: 12    God:    Okawaru [**....]
Gold:   475        SH: 13    Dex: 14    Spells: 9/9 levels left

rFire  . . .     SeeInvis .     a - +1 long sword
rCold  . . .     Gourm    .     b - +1 shield
rNeg   . . .     Faith    .     (helmet restricted)
rPois  .         Spirit   .     (no amulet)
rElec  .         Reflect  .     (no ring)
rCorr  .         Harm     .     (no ring)
MR     .....                    (no ring)
Stlth  ++++......               (no ring)
                                (no ring)
                                (no ring)
                                (no ring)
                                (no ring)

@: heroism
A: almost no armour, stealthy swim, amphibious, 8 rings, constrict 8, camouflage
1, gelatinous body 1
a: Heroism, Renounce Religion


You were on level 9 of the Dungeon.
You worshipped Okawaru.
Okawaru was pleased with you.
You were not hungry.

You visited 1 branch of the dungeon, and saw 10 of its levels.

You collected 475 gold pieces.

Inventory:

Hand Weapons
 a - a +1 long sword (weapon)
 j - a +0 hunting sling
Armour
 b - a +1 shield (worn)
Jewellery
 e - an uncursed ring of flight {unknown}
 n - an uncursed ring of fire {unknown}
 t - a cursed amulet of inaccuracy {unknown}
Wands
 l - a wand of lightning (0/15)
 o - a wand of slowing (13/48)
 s - a wand of iceblast (1/15)
Scrolls
 h - 4 scrolls of teleportation
 i - a scroll of fog
 q - 3 scrolls of enchant armour
 u - a scroll of recharging
Potions
 c - a potion of berserk rage
 f - 3 potions of flight
 k - a potion of cancellation {unknown}
 p - a potion of invisibility
 r - 5 potions of curing
Comestibles
 d - 5 bread rations
 g - 8 fruits
 m - 3 meat rations
 v - 4 chunks of flesh


   Skills:
 + Level 6.1(11.1) Fighting
 * Level 8.6(13.6) Long Blades
 + Level 5.3(10.3) Slings
 * Level 8.0(13.0) Dodging
 + Level 6.2(11.2) Shields
 + Level 3.8 Invocations


You had 9 spell levels left.
You didn't know any spells.

Dungeon Overview and Level Annotations

Branches:
Dungeon (10/15)            Temple (0/1) D:7
   Lair: D:8-11         Orc: D:9-12

Altars:
Ashenzari
Dithmenos
Elyvilon
Fedhas
Hepliaklqana
Makhleb
Okawaru
Qazlal
Ru
Vehumet
Xom

Annotations:
D:7 stair near top left leads to vault with two rust devils
D:9 wearedevo's ghost, journeyman GrVM


Innate Abilities, Weirdness & Mutations

You cannot wear most types of armour.
You are very stealthy in the water. (Stealth+)
You are amphibious.
You can wear up to eight rings at the same time.
You can use your tentacles to constrict eight enemies at once.
Your skin changes colour to match your surroundings (Stealth+).
Your rubbery body absorbs attacks. (AC +1, EV +1)


Message History

You gain the combat prowess of a mighty hero.
You are engulfed in a cloud of scalding steam.
The bullfrog hits you.
* * * LOW HITPOINT WARNING * * *
You block the steam dragon's attack. The steam dragon closely misses you.
You miss the bullfrog. You grab the bullfrog.
You tentacle-slap the bullfrog, but do no damage.
You squeeze the bullfrog.
The bullfrog is lightly wounded.
You constrict the bullfrog. You block the bullfrog's attack.
The steam dragon breathes steam at you. The ball of steam hits you!
* * * LOW HITPOINT WARNING * * *
You feel better.
You are engulfed in a cloud of scalding steam.
* * * LOW HITPOINT WARNING * * *
You constrict the bullfrog.
The bullfrog is engulfed in a cloud of scalding steam.
The bullfrog hits you!
You die...

#.........§..#####..#
#..# #..
#........§...# #..#
#..# #..
#..########..#
#..#####..# #.. #..#
#..# #.........# #..
#..# #..# #.........#
#.. #..# #..#
#..#####..# #.. #..#
#..# #..# #..# #..
#.)# #..#####..# #..#
#.. #..# #..§.F@...#
#..# #.. #..#
#....D>...# #..# #..
#.)# #..#####..# #..#
#.. #..# #..# #..#
#..# #.. #..# #..#
#..#####..####.. #))#
#..# #...............
#)<# #..#
#............... #..#
#..# #.........####..
#..# #..# #.........#
#..


You could see a steam dragon and a bullfrog.

Vanquished Creatures
  Pikel (D:7)
  A two-headed ogre (D:9)
  A troll (D:9)
  A hungry ghost (D:10)
  Menkaure (D:4)
  Duvessa (D:6)
  A black bear (D:9)
  2 sky beasts
  2 ice beasts (D:7)
  3 ogres
  An orc warrior (D:7)
  5 phantoms
  3 centaurs
  A crocodile (D:9)
  Blork the orc (D:4)
  A big kobold (D:9)
  A bullfrog (D:8)
  Dowan (D:6)
  3 scorpions
  3 killer bees (D:8)
  4 crimson imps
  2 quasits
  A centaur zombie (D:5)
  A centaur skeleton (D:4)
  4 hounds
  3 jellies
  6 orc priests
  6 orc wizards
  A bullfrog skeleton (D:8)
  3 iguanas
  6 worker ants
  A hound skeleton (D:4)
  A worker ant zombie (D:5)
  8 adders
  8 gnolls
  8 river rats (D:5)
  2 shadow imps
  An adder zombie (D:5)
  3 adder skeletons
  5 worms
  3 dart slugs
  4 leopard geckos
  30 orcs
  4 giant cockroaches
  14 goblins
  7 hobgoblins
  4 jackals
  9 quokkas
  2 ball pythons
  11 bats
  6 frilled lizards
  17 kobolds
  3 quokka skeletons
  23 rats
245 creatures vanquished.

Vanquished Creatures (others)
  A bullfrog (D:7)
  A plant (D:2)
2 creatures vanquished.

Grand Total: 247 creatures vanquished

Notes
Turn   | Place    | Note
-------+----------+-------------------------------------------
     0 | D:1      | AlphabetPasta the Octopode Fighter began the quest for the Orb.
     0 | D:1      | Reached XP level 1. HP: 16/16 MP: 1/1
   142 | D:1      | Reached XP level 2. HP: 21/21 MP: 2/2
   419 | D:1      | Reached XP level 3. HP: 23/26 MP: 3/3
  1088 | D:2      | Reached XP level 4. HP: 27/31 MP: 4/4
  1221 | D:2      | Found a white marble altar of Elyvilon.
  1274 | D:2      | Found a hazy altar of Hepliaklqana.
  1274 | D:2      | Found a burning altar of Makhleb.
  1363 | D:2      | Reached skill level 1 in Slings
  1690 | D:2      | Reached XP level 5. HP: 36/36 MP: 5/5
  2269 | D:3      | Found a radiant altar of Vehumet.
  2598 | D:4      | Reached XP level 6. HP: 43/43 MP: 6/6
  2905 | D:4      | Found a stormy altar of Qazlal.
  3438 | D:4      | Noticed Menkaure
  3441 | D:4      | Killed Menkaure
  3441 | D:4      | Reached XP level 7. HP: 23/48 MP: 7/7
  3483 | D:4      | Noticed Blork the orc
  3518 | D:4      | Killed Blork the orc
  3518 | D:4      | Reached skill level 5 in Dodging
  3692 | D:5      | Entered Level 5 of the Dungeon
  4180 | D:4      | Reached skill level 5 in Long Blades
  4217 | D:4      | Reached XP level 8. HP: 46/54 MP: 8/8
  4976 | D:6      | Found a shattered altar of Ashenzari.
  5137 | D:6      | Found a blossoming altar of Fedhas.
  5418 | D:6      | Noticed Dowan
  5433 | D:6      | Killed Dowan
  5434 | D:6      | Noticed Duvessa
  5442 | D:6      | Killed Duvessa
  5442 | D:6      | Reached skill level 5 in Shields
  5768 | D:6      | Found an iron altar of Okawaru.
  5774 | D:6      | Became a worshipper of Warmaster Okawaru
  5920 | D:6      | Reached skill level 5 in Fighting
  5920 | D:6      | Reached XP level 9. HP: 61/61 MP: 9/9
  6168 | D:7      | Found a shadowy altar of Dithmenos.
  6252 | D:7      | Reached skill level 1 in Invocations
  6584 | D:7      | Found a sacrificial altar of Ru.
  6613 | D:7      | Noticed Pikel
  6627 | D:7      | Killed Pikel
  6627 | D:7      | Reached * piety under Okawaru
  6726 | D:7      | Found a staircase to the Ecumenical Temple.
  6854 | D:6      | Noticed a rust devil
  6854 | D:6      | Noticed a rust devil
  7462 | D:8      | Found a shimmering altar of Xom.
  7797 | D:8      | Reached ** piety under Okawaru
  7797 | D:8      | Reached XP level 10. HP: 64/68 MP: 12/12
  8205 | D:9      | Noticed wearedevo's ghost (journeyman GrVM)
  8424 | D:9      | Reached skill level 5 in Slings
  9103 | D:10     | Entered Level 10 of the Dungeon
  9780 | D:10     | Noticed an elephant
  9792 | D:9      | Slain by a bullfrog

Vault maps used:
D:1:      lemuel_arrival_muddy
D:2:      lemuel_doored_altar, gammafunk_temple_overflow_elements,
          lexackson_kobold_supper
D:3:      nicolae_overflow_hidden_temple
D:4:      grunt_qazlal_clouds, uniq_blork_the_orc, uniq_menkaure
D:5:      lemuel_ratsnest, first_bread
D:6:      cheibrodos_iron_armory, nicolae_overflow_crystal_walls,
          kennysheep_mini, lemuel_round_altar, uniq_duvessa
D:7:      nicolae_dithmenos_shadow_blocks, nicolae_ru_awakened_eye, uniq_pikel
D:8:      kennysheep_little_box
D:10:     david_lair_generic, orc_0_dummy, basic_altar, the_bakery

Skill      XL: |  1  2  3  4  5  6  7  8  9 10 |
---------------+-------------------------------+-----
Long Blades    | 3 4 5 6 7 8 |  8.6
Slings         | 1 2 3 4 5 |  5.3
Dodging        | 4 5 6 7 8 |  8.0
Fighting       | 4 5 6 |  6.1
Shields        | 4 5 6 |  6.2
Invocations    | 3 |  3.8

Action                   |  1- 3 |  4- 6 |  7- 9 | 10-12 || total
-------------------------+-------+-------+-------+-------++-------
Melee: Long sword        |    62 |   139 |   336 |   135 ||   672
       Constrict         |    21 |    40 |    67 |    27 ||   155
       Tentacles         |     5 |    36 |    85 |    33 ||   159
       Punch             |       |       |       |     1 ||     1
Invok: Heroism           |       |       |       |     2 ||     2
Evoke: Wand              |       |       |     6 |     2 ||     8
  Use: Scroll            |       |     7 |     8 |     1 ||    16
       Potion            |       |     1 |     3 |     1 ||     5
 Stab: Sleeping          |     4 |     2 |     7 |     1 ||    14
       Distracted        |       |       |     1 |     1 ||     2
  Eat: Chunk             |     1 |     4 |     7 |     9 ||    21
       Royal jelly       |       |     1 |       |       ||     1
       Meat ration       |       |     1 |       |       ||     1
       Fruit             |       |       |     2 |     1 ||     3
       Pizza             |       |       |     1 |       ||     1
Armor: Skin              |     8 |     8 |     3 |     4 ||    23
Dodge: Dodged            |    31 |    48 |   128 |    89 ||   296
Block: Shield            |    23 |    57 |   148 |    72 ||   300
       Rpst.: Long sword |    12 |    15 |    33 |    15 ||    75
